 Dungeon Crawl Stone Soup version 0.31-a0-331-geda263fcf1 (webtiles) character file.

Game seed: 7909446984421670414

961 arthad the Digger (level 8, -4/45 HPs)
             Began as a Gargoyle Earth Elementalist on July 19, 2023.
             Was an Initiate of Makhleb.
             Killed by divine providence
             ... invoked by an orc priest
              (11 damage)
             ... on level 6 of the Dungeon.
             The game lasted 00:17:23 (3877 turns).

arthad the Digger (Gargoyle Earth Elementalist)     Turns: 3877, Time: 00:17:23

Health: -4/45      AC: 10    Str: 20    XL:     8   Next: 15%
Magic:  6/13       EV: 17    Int: 18    God:    Makhleb [......]
Gold:   240        SH:  0    Dex: 10    Spells: 8/14 levels left

rFire   . . .        h - +1 sling
rCold   . . .        (no shield)
rNeg    + + .        a - +0 robe
rPois   ∞            (no helmet)
rElec   +            (no cloak)
rCorr   .            (no gloves)
SInv    .            f - +2 pair of boots "Atix Nuo" {*Slow rN+ Regen+ Str+8}
Will    .....        (no amulet)
Stlth   ++           k - +5 ring of evasion
HPRegen 1.07/turn    r - +4 ring of slaying
MPRegen 0.13/turn

%: slow self (1%)
@: no status effects
A: sickness immunity, AC +5, negative energy resistance 1, electricity
resistance, torment resistance 1, petrification resistance
a: Renounce Religion


You were on level 6 of the Dungeon.
You worshipped Makhleb.
Makhleb was noncommittal.
You visited 2 branches of the dungeon, and saw 7 of its levels.

You collected 240 gold pieces.

Inventory:

Hand Weapons
 b - a +1 hand axe of draining
 h - a +1 sling (weapon)
 E - a +0 flail of draining
Missiles
 s - 18 poisoned darts
 u - 6 curare-tipped darts
Armour
 a - a +0 robe (worn)
 f - the +2 pair of boots "Atix Nuo" (worn) {*Slow rN+ Regen+ Str+8}
   (You found it on level 4 of the Dungeon)

   Str:       It affects your strength (+8).
   rN:        It protects you from negative energy.
   Regen:     It increases your rate of health regeneration.
   *Slow:     It may slow you when you take damage.
Magical Staves
 F - a staff of cold
Jewellery
 k - a +5 ring of evasion (left hand)
 m - a ring of willpower
 r - a +4 ring of slaying (right hand)
Scrolls
 e - 4 scrolls of identify {unknown}
 i - a scroll of immolation {unknown}
 n - 2 scrolls of vulnerability {unknown}
 p - a scroll of fog {unknown}
 t - 3 scrolls of amnesia {unknown}
 w - 2 scrolls of enchant armour {unknown}
 y - a scroll of noise {unknown}
 C - a scroll of teleportation {unknown}
 D - a scroll of revelation {unknown}
Potions
 c - a potion of mutation {unknown}
 d - 2 potions of enlightenment {unknown}
 g - 4 potions of brilliance
 j - 2 potions of ambrosia {unknown}
 l - 2 potions of cancellation
 o - a potion of haste {unknown}
 q - a potion of invisibility {unknown}
 v - a potion of resistance {unknown}
 x - 2 potions of curing {unknown}
 z - a potion of might {unknown}
 A - a potion of heal wounds {unknown}
 B - a potion of berserk rage {unknown}
 G - a potion of degeneration {unknown}


   Skills:
 + Level 2.7 Fighting
 + Level 2.2 Ranged Weapons
 + Level 1.0 Armour
 + Level 2.8 Dodging
 + Level 3.9 Stealth
 * Level 3.9 Spellcasting
 * Level 3.8 Conjurations
 + Level 2.2 Transmutations
 * Level 5.7 Earth Magic


You had 8 spell levels left.
You knew the following spells:

 Your Spells              Type           Power      Damage    Failure   Level
a - Sandblast             Erth           48%        2d12      1%          1
b - Passwall              Tmut/Erth      14%        N/A       4%          2
c - Stone Arrow           Conj/Erth      40%        3d9       6%          3

Your spell library contained the following spells:

 Spells                   Type           Power      Damage    Failure   Level
 Shock                    Conj/Air       40%        1d5       7%          1
 Petrify                  Tmut/Erth      17%        N/A       28%         4
 Ignite Poison            Fire/Tmut/Pois 6%         N/A       32%         3
 Swiftness                Air            3%         N/A       41%         3
 Airstrike                Air            1%         2d(1-17)  83%         4
 Freezing Cloud           Conj/Ice/Air   4%         6-21      94%         5
 Cigotuvi's Dreadful Rot  Necr/Pois/Air  Unusable   N/A       N/A         2

Dungeon Overview and Level Annotations

Branches:
Dungeon (6/15)             Temple (1/1) D:6

Altars:
Ashenzari
Cheibriados
Dithmenos
Elyvilon
Fedhas
Gozag
Hepliaklqana
Makhleb
Nemelex Xobeh
Qazlal
Ru
Sif Muna
Trog
Uskayaw
Xom
Yredelemnul
Zin
The Shining One

Shops:
D:2 (

Annotations:
D:2 2 transporters


Innate Abilities, Weirdness & Mutations

You are immune to sickness and miasma.
Your stone body is resilient. (AC +5)
You are immune to poison.
You resist negative energy. (rN+)
You are resistant to electric shocks. (rElec)
You are resistant to unholy torment.
You are immune to petrification.


Message History

The hound completely misses you.
The sky beast flickers out of sight!
Deactivating autopickup; reactivate with Ctrl-A.
The hound bites you but does no damage.
A sky beast appears from thin air!
Reactivating autopickup.
The hound pauses to sniff the ground.
The hound bites you but does no damage.
There are no items here.
Aiming: Sandblast (safe; 1% risk of failure)
Press: ? - help, Q - select action, (/) - cycle Shift-Dir - straight line, f/p - hound
Aim: a hound (severely wounded, 76% to hit)
Okay, then.
Unknown command.
Casting: Sandblast (safe; 1% risk of failure)
Confirm with . or Enter, or press ? or * to list all spells.
Okay, then.
Aiming: Sandblast (safe; 1% risk of failure)
Press: ? - help, Q - select action, (/) - cycle Shift-Dir - straight line, f/p - hound
Aim: a hound (severely wounded, 76% to hit)
The blast of sand hits the hound!!
You kill the hound!
Makhleb accepts your kill.
The orc priest mumbles some strange prayers to Beogh against you.
Beogh smites you!
* * * LOW HITPOINT WARNING * * *
Aiming: Sandblast (safe; 1% risk of failure)
Press: ? - help, Q - select action, (/) - cycle Shift-Dir - straight line, f - orc
Aim: an orc, wielding a +0 quarterstaff and wearing a +0 chain mail (87% to hit)
The blast of sand misses the orc.
The orc completely misses you.
The orc hits you with a +0 quarterstaff.
* * * LOW HITPOINT WARNING * * *
It was a potion of brilliance.
You feel clever all of a sudden.
It was a potion of cancellation.
Your magical effects are unravelling.
You feel magically purged.
You feel a little less clever now.
The orc priest calls down the wrath of Beogh upon you.
Beogh smites you!
You die...

.? ### .. #.#
#. ###.## ###
.. #....###
#.####.#
#.##...#
#o.oY#.#
#.####.#
#@##.#.## #.#
#.# #.##.o..#
#.# #.#
###.###.J.#
#.# #.# #...#
..#o# ..# #.#
###.###.###.O.
.##
#.#####...# #.
.... .#
#....##.### #
..... .#
####.#..# ....
## #...## ....


You could see a sky beast, an orc priest and an orc.

Vanquished Creatures
  An ogre (D:5)
  A centaur (D:5)
  3 phantoms
  2 scorpions
  3 hounds (D:6)
  A jelly (D:6)
  2 sleepcaps
  3 iguanas
  An orc wizard (D:4)
  4 gnolls (D:4)
  5 adders
  A shadow imp (D:5)
  2 worms (D:2)
  5 dart slugs
  6 orcs
  6 endoplasms
  2 giant cockroaches
  7 goblins
  2 hobgoblins
  3 jackals (D:3)
  7 quokkas
  5 ball pythons
  4 bats
  4 frilled lizards
  7 kobolds
  5 rats
92 creatures vanquished.

Notes
Turn   | Place    | Note
-------+----------+-------------------------------------------
     0 | D:1      | arthad the Gargoyle Earth Elementalist began the quest for
                  | the Orb.
     0 | D:1      | Reached XP level 1. HP: 10/10 MP: 3/3
   119 | D:1      | Reached skill level 1 in Transmutations
   119 | D:1      | Reached XP level 2. HP: 13/15 MP: 0/5
   508 | D:1      | Reached XP level 3. HP: 19/19 MP: 3/6
   663 | D:2      | Found a transporter.
   668 | D:2      | Found Omaprusm's Antique Weapon Shop.
   676 | D:2      | Reached skill level 4 in Earth Magic
   819 | D:2      | Reached skill level 1 in Conjurations
   822 | D:2      | Learned a level 2 spell: Passwall
   826 | D:2      | Learned a level 3 spell: Stone Arrow
   852 | D:2      | Found a transporter.
   936 | D:2      | Found a faded altar of an unknown god.
   952 | D:2      | Found a blossoming altar of Fedhas.
  1086 | D:2      | Reached XP level 4. HP: 24/24 MP: 5/7
  1562 | D:3      | Reached skill level 1 in Fighting
  1611 | D:3      | Found an opulent altar of Gozag.
  1661 | D:3      | Found a hide-covered altar of Uskayaw.
  2162 | D:4      | Noticed a scorpion
  2164 | D:4      | Noticed a scorpion
  2165 | D:4      | Reached XP level 5. HP: 29/29 MP: 4/8
  2263 | D:4      | Reached skill level 1 in Ranged Weapons
  2386 | D:4      | Reached XP level 6. HP: 11/34 MP: 5/10
  2518 | D:4      | Identified the +2 pair of boots "Atix Nuo" {*Slow rN+
                  | Regen+ Str+8}
  2913 | D:5      | Entered Level 5 of the Dungeon
  3006 | D:5      | Reached skill level 5 in Earth Magic
  3006 | D:5      | Reached XP level 7. HP: 40/40 MP: 8/12
  3639 | D:6      | Found a staircase to the Ecumenical Temple.
  3654 | Temple   | Entered the Ecumenical Temple
  3660 | Temple   | Became a worshipper of Makhleb the Destroyer
  3710 | D:6      | Reached XP level 8. HP: 45/45 MP: 6/13
  3818 | D:6      | Reached skill level 1 in Armour
  3877 | D:6      | Killed from afar by an orc priest

Illustrated notes

Levels and vault maps discovered:
D:1:      lightli_iron_boxes, layout_rooms
D:2:      layout_basic, serial_shops, nicolae_shop_drivethru,
          hellmonk_ecumenical_altar_arch_garden, basic_altar,
          grunt_ministairs_14
D:3:      layout_loops_ring, mainiacjoe_overflow_paths,
          mainiacjoe_overflow_surrounded_room
D:4:      layout_basic, minmay_misc_feat_tiny, guppyfry_early_lair_pool
D:5:      layout_basic
D:6:      layout_rooms, minmay_temple_entry_slanted
Temple:   eino_temple_rhombus

Skill      XL: |  1  2  3  4  5  6  7  8 |
---------------+-------------------------+-----
Transmutations | 1 2 |  2.2
Earth Magic    | 4 5 |  5.7
Conjurations   | 1 2 3 |  3.8
Dodging        | 2 |  2.8
Fighting       | 1 2 |  2.7
Stealth        | 3 |  3.9
Ranged Weapons | 1 2 |  2.2
Spellcasting   | 3 |  3.9
Armour         | 1 |  1.0

Action                     |  1- 3 |  4- 6 |  7- 9 || total
---------------------------+-------+-------+-------++-------
  Melee: Unarmed           |    13 |     5 |       ||    18
   Fire: Sling             |    53 |    45 |    26 ||   124
   Cast: Sandblast         |    37 |    61 |    47 ||   145
    Use: Potion            |       |     1 |     2 ||     3
         Scroll            |       |     1 |       ||     1
 Armour: Robe              |     9 |     7 |    12 ||    28
  Dodge: Dodged            |    28 |    37 |    43 ||   108

Table legend: (Time is in decaauts)
 A = Elapsed time spent in this place.
 B = Non-inter-level travel time spent in this place.
 C = Inter-level travel time spent in this place.
 D = Time resting spent in this place.
 E = Time spent auto-exploring this place.
 F = Levels seen in this place.
 G = Mean time per level.
                   A        B        C        D        E       F      G
               +--------+--------+--------+--------+--------+-----+--------+
         Total |   3992 |   3865 |    127 |    204 |   3021 |   7 |  570.3 |
       Dungeon |   3979 |   3862 |    117 |    204 |   3021 |   6 |  663.2 |
        Temple |     12 |      2 |     10 |      0 |      0 |   1 |   12.0 |
               +--------+--------+--------+--------+--------+-----+--------+

Top non-repeatable levels by time:
     D:2: 856 daAuts
     D:3: 760 daAuts
     D:4: 711 daAuts
     D:5: 701 daAuts
     D:1: 664 daAuts
     D:6: 285 daAuts
  Temple: 12 daAuts
